[Event "*** Titled Tuesday Blitz"]
[Site "Chess.com"]
[Date "2018.05.01"]
[Round "2"]
[White "DrZeiss"]
[Black "Karina_Oparina"]
[Result "1-0"]
[WhiteElo "2205"]
[BlackElo "2086"]
[TimeControl "180+2"]
[EndTime "13:23:17 PDT"]
[Termination "DrZeiss won by resignation"]

1. e4 c6 2. d4 d5 3. Nd2 dxe4 4.
Nxe4 Bf5 5. Nc5 b6 6. Nb3 e6 7.
Nf3 Bd6 8. Bd3 Ne7 9. O-O O-O 10. c4 Nd7 11. Be3 Bxd3 12. Qxd3 e5 13. Ng5 Ng6 14. d5 c5 15. Rad1 Be7 16. Ne4 f5 17. Nc3 e4 18. Qc2 Bd6 19. f4 exf3 20. Rxf3 Nde5 21.
Rxf5 Nxc4 22. Bg5 Qd7 23. Rxf8+ Rxf8 24. Ne4 Nce5 25. Nbd2 h6 26. Nxd6 Qxd6 27. Ne4 Qd7 28. Bc1 Qg4 29. h3 Qf5 30. d6 Nd7 31. Qc4+ Qf7 32.
Qd3 Nge5 33. Qg3 Qg6 34. Qxg6 Nxg6 35. Nc3 Nge5 36. Nb5 a6 37. Nc7 a5 38. Nd5 Nc4 39. b3 Nxd6 40. Nxb6 Nxb6 41. Rxd6 Rf6 42. Rxf6 gxf6 43. Bxh6 c4 44. bxc4 Nxc4 45. Kf2 Ne5 46.
Ke2 Kf7 47. Kd2 Kg6 48. Bf4 Nc6 49. Kc3 Nb4 50. Kb3 Nd3 51. Bd6 Ne1 52. g4 Nd3 53. Ka4 Nf2 54. Kxa5 Nxh3 55. Kb5 Nf2 56. a4 Ne4 57. Bb4 Ng5 58. a5 Ne6 59. Bd6 Nd4+ 60. Kb6 Nc2 61. a6 Ne3 62. a7 Nc4+ 63. Kc7 Na3 64.
a8=Q Nb5+ 65. Kd7 Nxd6 66. Kxd6 Kg5 67. Qg8+ 1-0

[Event "*** Titled Tuesday Blitz"]
[Site "Chess.com"]
[Date "2018.05.01"]
[Round "2"]
[White "Siemba"]
[Black "FearlessKing64"]
[Result "0-1"]
[WhiteElo "2029"]
[BlackElo "2184"]
[TimeControl "180+2"]
[EndTime "13:23:19 PDT"]
[Termination "FearlessKing64 won by resignation"]

1. e4 c5 2. Nf3 d6 3. d4 cxd4 4. Nxd4 Nf6 5. Nc3 a6 6. Be3 e5 7. Nb3 Be6 8. f3 Be7 9. Qd2 O-O 10. O-O-O Nbd7 11. g4 b5 12. g5 b4 13. Ne2 Ne8 14. f4 a5 15. f5 Bxb3 16. cxb3 a4 17. bxa4 Rxa4 18. Kb1 Rxa2 19. Nc1 Ra8 20. Bc4 Qc7 21. Qd5 Ra5 22. Bb5 Qb8 23. Bxd7 Rxd5 24. Rxd5 Nc7 25. Rd2 Rd8 26. Ba4 d5 27. exd5 Nxd5 28. f6 Bxf6 29. Rxd5 Rxd5 30. gxf6 Qa8 31. Bb3 Rd6 32. Re1 Rxf6 33.
Bd2 Rf2 34. Bxb4 Qb8 35. Bc3 h6 36. Rxe5 Rf1 37. Kc2 Rxc1+ 38. Kxc1 Qxb3 39. Re2 g5 40. Rg2 Kh7 41. h4 Kg6 42. hxg5 hxg5 43. Rd2 Qe6 44.
Kc2 Qe4+ 45. Kd1 g4 46. Rd4 Qf3+ 47. Kc2 g3 48. Rd6+ Kg5 49. Rd3 Qe4 50. Bd2+ Kg4 51. Be3 g2 52. Kd2 Qxe3+ 53. Rxe3 g1=Q 54. Re4+ Kf5 55. Rc4 Qf2+ 56. Kc3 Qe3+ 57. Kb4 Ke6 58. b3 f5 59. Ka4 f4 60. b4 f3 61. Rc8 Kd7 62.
Rc3 Qxc3 0-1

[Event "*** Titled Tuesday Blitz"]
[Site "Chess.com"]
[Date "2018.05.01"]
[Round "2"]
[White "Arystanner23"]
[Black "MFBerna"]
[Result "1/2-1/2"]
[WhiteElo "2403"]
[BlackElo "2281"]
[TimeControl "180+2"]
[EndTime "13:23:29 PDT"]
[Termination "Game drawn - insufficient material"]

1. e4 c6 2. d4 d5 3. Nd2 dxe4 4.
Nxe4 Nf6 5. Nxf6+ exf6 6. c3 Bd6 7. Bd3 O-O 8. Ne2 Re8 9. Qc2 g6 10. h4 Qe7 11. h5 Nd7 12. Be3 Nf8 13. O-O-O Bg4 14.
hxg6 fxg6 15. Rde1 Qf7 16. Kb1 Be6 17. c4 b5 18. d5 cxd5 19. cxb5 d4 20. Nxd4 Bxa2+ 21. Ka1 Be5 22. Qa4 Bd5 23. f4 Bc7 24. f5 g5 25. Ne6 Be5 26. Bxg5 Bxb2+ 27. Kxb2 fxg5 28. Qd4 Bxe6 29. fxe6 Qg7 30. Qxg7+ Kxg7 31. e7 Ng6 32. Re6 Nf4 33. Rxh7+ Kg8 34. Reh6 Nxd3+ 35. Kc3 Nf4 36. Rh8+ Kf7 37. R8h7+ Kg8 38. Kd4 Ng6 39. Kd5 Rxe7 40. Rxe7 Nxe7+ 41. Ke6 Kg7 42. Rh1 Ng6 43. Ra1 Nf4+ 44.
Kf5 Nd5 45. Kxg5 Nc7 46. Ra5 Nd5 47. Kf5 Kf7 48. Ke5 Ne3 49. Kd4 Nc2+ 50. Kc3 Ne3 51. b6 Rc8+ 52. Kd3 axb6 53. Ra7+ Ke6 54. Kxe3 Kd5 55.
g4 b5 56. g5 Rg8 57. Kf4 b4 58. Kf5 b3 59. Kf6 Rb8 60. Rd7+ Kc6 61. Rd1 b2 62.
Rb1 Kc5 63. g6 Kc4 64. g7 Kc3 65. Kf7 Rb7+ 66. Kf6 Rxg7 67. Kxg7 Kc2 68. Rxb2+ Kxb2 1/2-1/2

[Event "*** Titled Tuesday Blitz"]
[Site "Chess.com"]
[Date "2018.05.01"]
[Round "2"]
[White "TheCount"]
[Black "Jospem"]
[Result "1/2-1/2"]
[WhiteElo "2553"]
[BlackElo "2692"]
[TimeControl "180+2"]
[EndTime "13:23:31 PDT"]
[Termination "Game drawn by agreement"]

1. b3 Nf6 2. Bb2 g6 3. g3 Bg7 4. Bg2 O-O 5. Nf3 d5 6. O-O c5 7. c4 dxc4 8. bxc4 Nc6 9. d3 Qc7 10. Nc3 b6 11. Nb5 Qb7 12. Ne5 Bd7 13. Qa4 Be8 14.
Qc2 a6 15. Nc3 Rc8 16. a4 Qc7 17. Nxc6 Bxc6 18. Bxc6 Qxc6 19. a5 b5 20. cxb5 axb5 21. Qb3 Rb8 22. a6 b4 23. Qa4 Qb6 24. Nd1 Nd5 25.
Bxg7 Kxg7 26. e4 Nc7 27. Ne3 Rfd8 28. Nc4 Qb5 29. a7 Ra8 30. Qa5 Rxd3 31. Nb6 Qxa5 32.
Rxa5 Rad8 33. Rxc5 Na8 34. Nd5 Ra3 35. Nxb4 Rxa7 36.
Rfc1 Rdd7 37. Nc6 Rab7 38. Ne5 Rd4 39. R5c4 Rxc4 40. Rxc4 Nc7 41. Nd3 Rb1+ 42. Kg2 Ne6 43. Nf4 Nxf4+ 44. gxf4 Rb3 45. f3 e6 46. Kg3 h6 47.
Rc5 Rb1 48. Rc7 Kf6 49. Ra7 g5 50. fxg5+ hxg5 51. h4 gxh4+ 52. Kxh4 Rg1 53. f4 Rg7 54. Kh5 Rg1 55. Kh4 Re1 56. e5+ Kg6 57. Kg4 Rg1+ 58.
Kf3 Rb1 59. Ke4 Rb3 60. Kd4 Rb8 61. Ke4 Rc8 62. Kd4 Rf8 63. Ke4 Rd8 64. Rb7 Rc8 65. Ra7 Rc4+ 66. Ke3 Rb4 67. Kf3 f6 68. exf6 Kxf6 69.
Ra5 Rb3+ 70. Ke4 1/2-1/2

[Event "*** Titled Tuesday Blitz"]
[Site "Chess.com"]
[Date "2018.05.01"]
[Round "2"]
[White "nau64"]
[Black "ilmago"]
[Result "0-1"]
[WhiteElo "1996"]
[BlackElo "1941"]
[TimeControl "180+2"]
[EndTime "13:23:31 PDT"]
[Termination "ilmago won on time"]

1. d4 Nf6 2. c4 g6 3. Nc3 Bg7 4. e4 d6 5. Nf3 O-O 6. Be2 e5 7. O-O Nc6 8. d5 Ne7 9. Bg5 h6 10.
Bxf6 Bxf6 11. b4 a5 12. a3 Bg7 13. Nd2 f5 14. c5 fxe4 15. Ncxe4 Nf5 16. Nc4 axb4 17.
cxd6 Nxd6 18. Ncxd6 cxd6 19. axb4 Rxa1 20. Qxa1 Bf5 21.
Bd3 Qb6 22. Qa5 Qd4 23. Qb5 Bxe4 24. Bxe4 Qxe4 25. Qxb7 Rd8 26. Qe7 Rb8 27. Qxd6 Qxb4 28. Qxg6 Qb6 29. d6 Rd8 30. Rd1 Qb3 31. Rf1 Qf7 32. Qxf7+ Kxf7 33. Re1 Rxd6 34. f4 exf4 35. Re4 Rf6 36. Kf2 Kg6 37. Kf3 Kg5 38. h4+ Kg6 39.
Rxf4 Rb6 40. g4 Rb3+ 41. Kg2 Be5 42. Re4 Rb5 43. Kf3 Rb3+ 44. Kg2 Rb5 45. Kf3 Kf7 46. h5 Kf6 47. Ra4 Rb3+ 48. Ke4 Bb2 49. Ra6+ Kg7 50. Kf5 Rb5+ 51. Kf4 Bc1+ 52. Kf3 Rb4 53. Ra7+ Kf6 54. Ra6+ Kg5 55. Ra5+ Kh4 56. Rc5 Rf4+ 57. Kg2 Be3 58. Re5 Rf2+ 59. Kh1 Bg5 60. Ra5 Kxg4 61. Ra4+ Kxh5 62.
Kg1 Rc2 63. Kh1 Rc3 64. Rc4 Rxc4 0-1

[Event "*** Titled Tuesday Blitz"]
[Site "Chess.com"]
[Date "2018.05.01"]
[Round "2"]
[White "bascheyaro"]
[Black "temiksmozg"]
[Result "0-1"]
[WhiteElo "2667"]
[BlackElo "2593"]
[TimeControl "180+2"]
[EndTime "13:23:32 PDT"]
[Termination "temiksmozg won by checkmate"]

1. d4 f5 2. Nf3 Nf6 3. g3 g6 4.
Bg2 Bg7 5. O-O O-O 6. c4 d6 7.
Nc3 Nc6 8. d5 Na5 9. Nd2 c5 10.
dxc6 Nxc6 11. e4 f4 12. gxf4 Nh5 13. f5 Nf4 14. fxg6 hxg6 15. Nd5 Nxg2 16. Kxg2 e6 17.
Ne3 Ne5 18. Qe2 Qh4 19. Rg1 Bd7 20. Kf1 Bc6 21. Ng4 Nxg4 22. Rxg4 Rxf2+ 23. Qxf2 Qxg4 24. Qg3 Rf8+ 25. Ke1 Qxg3+ 26. hxg3 Be5 27. Ke2 Bxg3 28. b3 Rf2+ 29. Ke3 Rg2 30. Kf3 Rg1 31. Bb2 Rxa1 32. Bxa1 Be1 33. Nf1 Kf7 34. Bd4 b6 35. Ne3 g5 36.
Nc2 Bh4 37. a4 Kg6 38. Ne3 Be1 39. Ng4 Kh5 40. Nf6+ Kh4 41. Bb2 Bd2 42. Bd4 Bc1 43.
Bf2+ Kh3 44. Bd4 Bd2 45. Bb2 Be1 46. Bd4 Bb7 47. Bb2 Bg3 48. Bc1 Bh4 49. Ba3 Bg3 50.
Bc1 Bh4 51. Bd2 Bc6 52. Bb4 Bg3 53. Bd2 Bh4 54. Be3 Bb7 55. a5 bxa5 56. Bxa7 Bc6 57. Be3 a4 58. bxa4 Bxa4 59. Bd2 g4+ 60. Ke3 Bxf6 61.
Be1 Be5 62. c5 dxc5 63. Ke2 Bb5+ 64. Ke3 g3 65. Bc3 Bxc3 66. Kf4 g2 67. Kf3 Bc6 68.
Ke3 Bd4+ 69. Ke2 Bb5+ 70. Kf3 g1=Q 71. Kf4 Qg3# 0-1

[Event "*** Titled Tuesday Blitz"]
[Site "Chess.com"]
[Date "2018.05.01"]
[Round "2"]
[White "swayamsm"]
[Black "Fandorine"]
[Result "1-0"]
[WhiteElo "2524"]
[BlackElo "2713"]
[TimeControl "180+2"]
[EndTime "13:23:40 PDT"]
[Termination "swayamsm won by resignation"]

1. d4 Nf6 2. Nf3 g6 3. Bg5 Bg7 4. Nbd2 O-O 5. c3 d6 6. e4 Nc6 7. Bc4 h6 8. Bh4 Nxe4 9. Nxe4 d5 10. Bd3 dxe4 11. Bxe4 f5 12. Bc2 g5 13. Bxg5 hxg5 14. Nxg5 e6 15. Qh5 Rf6 16. Qh7+ Kf8 17. Qh5 Ke7 18.
O-O-O Qh8 19. Qe2 Qh4 20. Nf3 Qf4+ 21. Kb1 Kf8 22. h4 Bd7 23. Rh3 Rh6 24. Ng5 Re8 25. Re1 Bf6 26. g3 Qd6 27. Rhh1 b5 28. a3 a5 29. Qe3 Kg7 30. g4 fxg4 31. Ne4 Qf8 32. Reg1 Kh8 33. Rxg4 e5 34. Nxf6 Qxf6 35. Rg5 exd4 36.
Qd2 Be6 37. Rxb5 dxc3 38. Qxc3 Qxc3 39. bxc3 Bc4 40. Rc5 Ba6 41. f4 Rf6 42. Rh5+ Kg7 43. Rg1+ Kf7 44. Rh7+ Ke6 45. Re1+ Kd6 46. Rxe8 Rxf4 47.
Rh6+ Kc5 48. Re4 Rf1+ 49. Kb2 Rf2 50. Re3 Bc4 51. Kc1 Rf1+ 52. Kd2 Rf2+ 53. Kd1 Rf1+ 54. Re1 Rf2 55. Ba4 Nd8 56. Re5+ Bd5 57. Bb3 c6 58.
c4 Nf7 59. Rxd5+ cxd5 60. Rh5 Kd4 61. Rxd5+ Kc3 62. Ba4 Kxc4 63. Rxa5 Nd6 64. Ke1 Rh2 65. Bc6 Nf5 66. Rxf5 1-0

[Event "*** Titled Tuesday Blitz"]
[Site "Chess.com"]
[Date "2018.05.01"]
[Round "2"]
[White "chessking2151"]
[Black "PchelkinVK"]
[Result "1-0"]
[WhiteElo "2429"]
[BlackElo "2427"]
[TimeControl "180+2"]
[EndTime "13:23:40 PDT"]
[Termination "chessking2151 won by checkmate"]

1. Nf3 Nc6 2. d4 d5 3. c4 e5 4.
dxe5 d4 5. g3 Nge7 6. Bg2 Ng6 7.
O-O Bf5 8. Qb3 Nb4 9. Na3 c6 10. Rd1 Bc5 11. Bg5 Qb6 12. Nh4 Nxh4 13. Bxh4 d3 14. exd3 Bxf2+ 15. Kh1 a5 16. c5 Qxc5 17. Rac1 Qa7 18. Nc4 O-O 19. a3 Nd5 20. Nd6 Bg4 21. Rf1 Be3 22. Rce1 b5 23. Nxb5 Qb6 24. Qc4 Be6 25.
Nd6 Bd2 26. Qe4 Bxe1 27. Rxe1 Qxb2 28. Nc4 Qc3 29. a4 Nb4 30. Rd1 Bd5 31. Qe2 Rad8 32.
Bxd5 Rxd5 33. Be7 Re8 34. Bd6 Qd4 35. Kg2 Na6 36. Qe3 Qxe3 37. Nxe3 Rd4 38. Nc4 f6 39. exf6 gxf6 40. Bf4 Nb4 41. Nxa5 Rxd3 42. Rxd3 Nxd3 43. Nxc6 Nxf4+ 44. gxf4 Re4 45. a5 Rxf4 46. a6 Ra4 47.
a7 Kf7 48. Kf3 Ke6 49. Ke3 Kd6 50. Nd4 Rxa7 51. Nb5+ Ke5 52. Nxa7 Kf5 53. Kf3 Kg5 54. Nc6 Kh4 55. Kg2 Kg4 56. Nd4 f5 57. Nf3 h6 58.
h3+ Kf4 59. Kf2 h5 60. Ng1 Ke4 61. Ne2 h4 62. Ng1 Kf4 63. Nf3 Ke4 64. Nxh4 f4 65.
Nf3 Kf5 66. Ke2 Kg6 67. Kd3 Kf5 68.
Kd4 Kg6 69. Ke4 Kh5 70. Kxf4 Kg6 71. Kg3 Kh5 72. Nh2 Kg6 73. Ng4 Kh5 74. Nf2 Kg5 75. Nd3 Kh5 76. Ne1 Kg5 77. Ng2 Kh5 78. h4 Kg6 79.
Kh3 Kh5 80. Kg3 Kh6 81. Kg4 Kg6 82. Nf4+ Kh6 83. h5 Kh7 84. Kg5 Kg7 85. h6+ Kh7 86. Kh5 Kh8 87. Kg6 Kg8 88. Nh3 Kh8 89. Ng5 Kg8 90.
h7+ Kh8 91. Nf7# 1-0

[Event "*** Titled Tuesday Blitz"]
[Site "Chess.com"]
[Date "2018.05.01"]
[Round "2"]
[White "nubair1198"]
[Black "Annawel"]
[Result "1/2-1/2"]
[WhiteElo "2532"]
[BlackElo "2801"]
[TimeControl "180+2"]
[EndTime "13:23:44 PDT"]
[Termination "Game drawn by agreement"]

1. d4 Nf6 2. c4 d6 3. Nf3 Nbd7 4. Nc3 e5 5. e4 Be7 6. Be2 O-O 7. O-O c6 8. Qc2 Re8 9. Re1 a6 10. d5 cxd5 11. cxd5 b5 12. b4 Bb7 13. a4 bxa4 14.
Qxa4 a5 15. bxa5 Nc5 16. Qb4 Ba6 17. Bxa6 Rxa6 18. Qb5 Qa8 19. Be3 Rb8 20. Qc4 Nb3 21.
Ra3 Nxa5 22. Qa2 Bd8 23. Ra1 Qb7 24. Rb1 Qc8 25. Nb5 Nxe4 26. h3 h6 27. Na7 Rxb1+ 28. Qxb1 Qa8 29. Qxe4 Rxa7 30. Bxa7 Qxa7 31. Qb4 Bc7 32. Rc3 g6 33. Nxe5 dxe5 34. Qe7 Bb6 35.
d6 Bxf2+ 36. Kh1 Qb8 37. Rc1 Nc6 38. Qc7 Qxc7 39. dxc7 Ne7 40. Rb1 Kg7 41. Rb8 Nf5 42. Rb3 Nd6 43. Rd3 Bb6 44. Rxd6 Bxc7 45. Rc6 Bd8 46.
g4 Bg5 47. Kg2 f5 48. Kf3 Kf7 49. Rc7+ Be7 50. Rb7 Ke6 51. Rb6+ Bd6 52. gxf5+ gxf5 53. Ra6 e4+ 54. Ke3 h5 55. Kd4 h4 56. Rb6 Ke7 57. Kd5 Bg3 58. Re6+ Kf7 59. Ra6 e3 60. Ra2 Kf6 61. Kd4 Bf2 62. Kd3 Kg5 63. Ra4 f4 64. Ke2 Bg3 65. Kf3 Kf5 66. Ra5+ Ke6 67. Rb5 Kd6 68. Ra5 Kc6 69. Re5 Kd6 70. Ra5 Be1 71.
Rf5 Bg3 72. Rh5 1/2-1/2

[Event "*** Titled Tuesday Blitz"]
[Site "Chess.com"]
[Date "2018.05.01"]
[Round "2"]
[White "Angry_Twin"]
[Black "Abrito99"]
[Result "0-1"]
[WhiteElo "2690"]
[BlackElo "2513"]
[TimeControl "180+2"]
[EndTime "13:23:51 PDT"]
[Termination "Abrito99 won by resignation"]

1. e4 c5 2. Nf3 e6 3. d4 cxd4 4.
Nxd4 Nc6 5. Nc3 Qc7 6. Be3 a6 7. Qd2 Be7 8. f4 b5 9. O-O-O b4 10. Nce2 Nf6 11. Ng3 h5 12. Bd3 h4 13. Nge2 Bb7 14.
Kb1 Nxd4 15. Bxd4 Nxe4 16. Qe3 Nf6 17. Rhg1 a5 18. g4 hxg3 19. hxg3 Ng4 20. Qd2 Nh2 21. Bxg7 Nf3 22. Qe3 Rg8 23. Rgf1 Nh2 24. Bd4 Nxf1 25. Rxf1 Qc6 26. f5 Qg2 27. Rg1 Qf3 28. Qh6 Be4 29. Bxe4 Qxe4 30. Qd2 Qxf5 31. Nc1 Bg5 32. Be3 Bxe3 33.
Qxe3 Rc8 34. Nd3 Rh8 35. g4 Qd5 36. Nf4 Qc6 37. Ne2 Rh1 38. Rxh1 Qxh1+ 39. Nc1 Qd1 40.
Qe4 d5 41. Qh7 Qxg4 42. b3 Qg6 43. Qh2 Rc3 44. Qe2 Kf8 45. Kb2 Qg7 46. Kb1 Qg6 47.
Kb2 Qe4 48. Qd2 Qe3 49. Qh2 Ke7 50. Ne2 Rc8 51. Nf4 Qe5+ 52. Kb1 Kd7 53. Qf2 Rh8 54. Nd3 Rh1+ 55. Nc1 f5 56. Qa7+ Qc7 57. Qd4 Rh2 58.
Qd3 f4 59. Ne2 Rh1+ 60. Kb2 Qe5+ 61. Nd4 Ke7 62. c3 bxc3+ 63. Qxc3 Rh2+ 64. Ka1 Kf6 65. a4 Rh1+ 66. Ka2 Rd1 67. Qc8 Qxd4 68. Qh8+ Kf5 69. Qh7+ Ke5 70. Qh8+ Ke4 71. Qh7+ Ke3 72.
Qh3+ f3 73. Qxe6+ Qe4 74. Qb6+ Ke2 75. Qb5+ Rd3 76. Qxa5 f2 0-1

[Event "*** Titled Tuesday Blitz"]
[Site "Chess.com"]
[Date "2018.05.01"]
[Round "2"]
[White "Kangoroo3000"]
[Black "gmcorrales"]
[Result "1-0"]
[WhiteElo "2418"]
[BlackElo "2730"]
[TimeControl "180+2"]
[EndTime "13:24:14 PDT"]
[Termination "Kangoroo3000 won by resignation"]

1. d4 Nf6 2. c4 e6 3. Nf3 d5 4. g3 dxc4 5. Bg2 a6 6. O-O Be7 7. e3 O-O 8. Qe2 b5 9. b3 cxb3 10. axb3 Bb7 11. Bb2 Nbd7 12. Rc1 c5 13. Nbd2 cxd4 14.
Nxd4 Bxg2 15. Kxg2 Ne5 16. f4 Ng6 17. e4 Bb4 18.
N2f3 Ne7 19. Ne5 Qb6 20. Ndc6 a5 21. Bd4 Qb7 22. Nxb4 axb4 23. Kf3 Ra3 24. Rab1 Rd8 25. Bc5 Nf5 26. Rd1 Rxd1 27. Rxd1 Rxb3+ 28. Kf2 h5 29. exf5 exf5 30. Kg1 Kh7 31. Qc2 Rc3 32. Qxf5+ Kh6 33.
Qg5+ Kh7 34. Bf8 Ne8 35. Qxh5+ Kg8 36. Bxb4 Qb6+ 37. Kh1 Qb7+ 38. Kg1 Rc2 39. Bd2 Qb6+ 40. Kh1 Qb7+ 41. Qf3 Qc7 42. Qd5 Nf6 43. Qa8+ Kh7 44. Qf3 b4 45. g4 b3 46. g5 Ne8 47. Qxb3 Nd6 48. Qh3+ Kg8 49. Qf3 Nf5 50. Be3 g6 51. Bf2 Ra2 52. Rd7 Qc1+ 53. Rd1 Qc2 54. Kg1 Kg7 55. Ng4 Qc4 56. Rf1 Rc2 57. Ne5 Qb4 58.
Rd1 Rc3 59. Qg4 Qb3 60. Rd7 Rc1+ 61. Kg2 Ne3+ 62. Bxe3 Qxe3 63. Rxf7+ Kg8 64. Qf3 Rg1+ 65. Kh3 Qxf3+ 66. Nxf3 Rf1 67. Ne5 Rg1 68. Rf6 Kh7 69. Nxg6 Rf1 70. Nh4 Ra1 71. Kg4 Ra3 72. Rb6 Kg7 73.
Nf5+ Kg8 74. h4 Ra1 75. Kh5 Kf8 76. Kg6 Ke8 77. h5 Kd7 78. h6 Kc7 79. Rf6 Rf1 80.
h7 Rh1 81. Kg7 Kd7 1-0

[Event "*** Titled Tuesday Blitz"]
[Site "Chess.com"]
[Date "2018.05.01"]
[Round "2"]
[White "FabianoCaruana"]
[Black "LADIESGET2KNOWME"]
[Result "0-1"]
[WhiteElo "2796"]
[BlackElo "2538"]
[TimeControl "180+2"]
[EndTime "13:24:18 PDT"]
[Termination "LADIESGET2KNOWME won by resignation"]

1. d4 Nf6 2. Bf4 d6 3. Nf3 Nbd7 4. e3 c5 5. c3 g6 6. h3 Bg7 7. Be2 O-O 8. Nbd2 b6 9. O-O Bb7 10. a4 Ne4 11. Nxe4 Bxe4 12. Nd2 Bc6 13. a5 e5 14. dxe5 dxe5 15. Bh2 Qe7 16. axb6 axb6 17. Qb3 h6 18. Bb5 Bb7 19. Nc4 Qe6 20. Rad1 Nf6 21. Rd6 Qf5 22. Rxb6 Rab8 23. Nd6 Bd5 24. Nxf5 Bxb3 25. Rxb8 Rxb8 26. Nd6 Bf8 27. Nxf7 Kxf7 28. c4 Bd6 29. Ra1 Rd8 30. g4 Bb8 31. Kg2 Ne4 32. Bc6 Nf6 33. Ra5 Bxc4 34.
Rxc5 Bd5+ 35. Bxd5+ Rxd5 36. Rc8 Rb5 37. Bg3 Rxb2 38. Kf3 e4+ 39. Kg2 Bxg3 40. Kxg3 Rb7 41. h4 g5 42. Rc5 Kg6 43. Re5 Rb1 44. hxg5 hxg5 45. Kg2 Rb4 46. Kg3 Ra4 47. Re6 Ra1 48. Kg2 Kf7 49. Re5 Kg6 50. Re6 Ra5 51. Kg3 Rb5 52. Re7 Rb1 53. Kg2 Rb2 54. Kg3 Rd2 55.
Re6 Rd1 56. Kg2 Rd8 57. Kg3 Rh8 58. f3 exf3 59. e4 Kf7 60. Re5 f2 61. Rf5 Kg6 62. e5 Ne4+ 63. Kg2 Rd8 64. e6 Re8 65. Re5 Nf6 66.
Re2 Nxg4 67. e7 Kf5 68. Kf1 Kf4 69. Kg2 Kf5 70. Kf1 Kg6 71. Re4 Kh5 72. Kg2 Kh4 73. Re6 Kh5 74. Kf1 Nh6 75. Kxf2 Nf5 76. Re5 Kg6 77. Kf3 Rxe7 78. Ra5 Re3+ 79. Kf2 Re6 80.
Kf3 Nh6 81. Rb5 Rf6+ 82. Kg3 Rf4 83. Rb6+ Kh5 84. Rb8 Nf5+ 85. Kg2 Kg4 86. Rb3 Nh4+ 87. Kh2 Rf2+ 88. Kg1 Re2 89. Rc3 Kf4 90. Kf1 Ra2 91. Rb3 g4 92. Rb4+ Kg3 93. Rb3+ Nf3 94. Rb2 Ra1+ 95.
Ke2 Re1+ 96. Kd3 Re7 97. Rc2 Ne1+ 0-1

[Event "*** Titled Tuesday Blitz"]
[Site "Chess.com"]
[Date "2018.05.01"]
[Round "2"]
[White "Shtembuliak"]
[Black "Abund"]
[Result "1/2-1/2"]
[WhiteElo "2678"]
[BlackElo "2494"]
[TimeControl "180+2"]
[EndTime "13:24:25 PDT"]
[Termination "Game drawn - insufficient material"]

1. c4 c5 2. Nc3 Nf6 3. Nf3 Nc6 4. e3 e6 5. d4 d5 6. cxd5 Nxd5 7. Bd3 Be7 8. O-O O-O 9. a3 cxd4 10. exd4 Bf6 11. Ne4 Bxd4 12. Neg5 Nf6 13. Nxd4 Qxd4 14. Be3 Qxb2 15.
Qa4 Qc3 16. Rfd1 Qa5 17. Qh4 h6 18. f4 e5 19. Ne4 Nd5 20. Bc5 Rd8 21. Bc4 Be6 22.
f5 Bxf5 23. Bb4 Ndxb4 24. axb4 Qb6+ 25. Kh1 Bxe4 26. Qxe4 Rd4 27. Qe2 Rad8 28. Rf1 R8d7 29. b5 Nd8 30. Qxe5 Qd6 31. Qe8+ Qf8 32. Qe2 Re7 33.
Qa2 Rc7 34. Bb3 b6 35. h3 Rcd7 36. Rf2 Qe7 37. Raf1 Qe8 38. Qb2 R4d6 39. Qc2 Re7 40. Qc8 Rdd7 41. Rf3 Ne6 42. Qc6 Nd4 43. Rxf7 Nxc6 44.
Rf8+ Kh7 45. Bg8+ Kg6 46. Rxe8 Rxe8 47. bxc6 Rc7 48. Bd5 Re5 49. Bf3 Rc5 50. Ra1 a5 51. Kh2 R5xc6 52. Be4+ Kf7 53. Bxc6 Rxc6 54. Kg3 Rf6 55. Kg4 Ke7 56. Kh5 Kf7 57. g4 Rd6 58. h4 Rd5+ 59. g5 hxg5 60. hxg5 g6+ 61. Kh6 Rf5 62.
Rc1 b5 63. Rc7+ Ke6 64. Kxg6 Rf1 65. Ra7 a4 66. Ra5 Rb1 67. Kg7 Rb3 68. g6 a3 69. Kf8 Rf3+ 70. Kg8 b4 71. g7 Rg3 72. Ra6+ Kd5 73. Kf7 Rxg7+ 74. Kxg7 Kc4 75. Kf6 Kb3 76. Ke5 a2 77. Kd4 Kb2 78. Kc4 b3 79. Kb4 Kc2 80.
Kc4 a1=Q 81. Rxa1 b2 82. Ra2 Kc1 83. Rxb2 Kxb2 1/2-1/2

[Event "*** Titled Tuesday Blitz"]
[Site "Chess.com"]
[Date "2018.05.01"]
[Round "2"]
[White "krzyzan94"]
[Black "pKiLz5Rn9b"]
[Result "1-0"]
[WhiteElo "2630"]
[BlackElo "2640"]
[TimeControl "180+2"]
[EndTime "13:24:27 PDT"]
[Termination "krzyzan94 won by checkmate"]

1. e4 e6 2. d4 d5 3. Nc3 dxe4 4.
Nxe4 Nd7 5. Nf3 Ngf6 6. Bd3 c5 7. O-O Nxe4 8. Bxe4 Nf6 9. Bd3 cxd4 10. Nxd4 Bc5 11.
Nf3 O-O 12. Qe2 b6 13. Bg5 Bb7 14. Rad1 Qc7 15. Bxf6 gxf6 16. Be4 Rfd8 17. Bxb7 Qxb7 18. Rd3 Rac8 19. Rfd1 Qc7 20. c3 Rxd3 21. Qxd3 Be7 22. g3 f5 23. Qd7 Bf6 24. Kg2 Kg7 25. h4 h6 26. Rd3 Qc4 27. b3 Qe4 28. Re3 Qc6 29.
Qxc6 Rxc6 30. c4 a6 31. Rd3 b5 32. cxb5 axb5 33. a4 b4 34. Kf1 Rc2 35. Nd4 Rb2 36. Nb5 Bc3 37. a5 Rxb3 38. a6 Rb1+ 39. Kg2 Ra1 40.
a7 Bf6 41. Na3 bxa3 42. a8=Q Bb2 43. Qb7 Be5 44. Rd7 a2 45. Rxf7+ Kg6 46. Rh7 Rg1+ 47. Kxg1 a1=Q+ 48. Kg2 Bg7 49. Rxg7+ Qxg7 50. Qc8 Qe5 51. Qg8+ Qg7 52. Qxe6+ Kh7 53. Qxf5+ Kh8 54. Qf4 Qb7+ 55. Qf3 Qg7 56. Qe3 Qb7+ 57. f3 Qc6 58. g4 Qc2+ 59. Kg3 Qc7+ 60. Qf4 Qc6 61. Qe5+ Kg8 62. Qe4 Qd6+ 63.
Qf4 Qd1 64. Qe3 Kg7 65. f4 Kf7 66. g5 hxg5 67. hxg5 Kg6 68. Qe6+ Kg7 69. Qe7+ Kg8 70. Qe3 Kg7 71. f5 Qd6+ 72. Kg4 Qb4+ 73. Qf4 Qe1 74.
Qc7+ Kg8 75. Qc8+ Kg7 76. Qd7+ Kf8 77. Qd6+ Kg7 78. Qf6+ Kh7 79. g6+ Kh6 80. Qh8# 1-0

[Event "*** Titled Tuesday Blitz"]
[Site "Chess.com"]
[Date "2018.05.01"]
[Round "2"]
[White "ChessicallyInclined"]
[Black "AnkitGajwa"]
[Result "1-0"]
[WhiteElo "2193"]
[BlackElo "2129"]
[TimeControl "180+2"]
[EndTime "13:24:42 PDT"]
[Termination "ChessicallyInclined won by checkmate"]

1. d4 d5 2. c4 c6 3. Nf3 Nf6 4. Nc3 e6 5. Bg5 dxc4 6. e4 b5 7. e5 h6 8. Bh4 g5 9. Nxg5 hxg5 10. Bxg5 Nbd7 11. g3 Bb7 12. Bg2 Rg8 13. h4 Rxg5 14. hxg5 Nd5 15. g6 fxg6 16. Qg4 Qe7 17. Ne4 Qb4+ 18.
Kf1 O-O-O 19. Qxe6 Qxb2 20. Re1 Qxd4 21. Nd6+ Bxd6 22.
Qxd6 Qc5 23. Qxg6 Ne7 24. Qe4 c3 25. Rh7 c2 26. Qf4 Nxe5 27. Bh3+ Rd7 28. Bxd7+ Kxd7 29. Qf5+ Kc7 30. Rxe7+ Qxe7 31. Qxc2 Qd6 32. Qf5 Nd3 33. Re3 Nc5 34. Qf7+ Kb6 35. Re7 Qd1+ 36. Kg2 Qd4 37.
f4 Qd2+ 38. Kh3 Bc8+ 39. f5 Qd3 40. Kg4 Qd4+ 41. Kg5 Ne4+ 42. Kg6 Nxg3 43. f6 Qg4+ 44. Kh7 Bf5+ 45. Kh8 Qh3+ 46. Kg8 Ne4 47. Rb7+ Kc5 48. Qe7+ Kd4 49. Qb4+ Ke3 50. Qb3+ Kf4 51. Qxh3 Nxf6+ 52. Kf7 Bxh3 53. Kxf6 a5 54. Rb6 Bg2 55. Ke6 a4 56.
a3 Ke3 57. Kd6 Kd4 58. Rb8 Kc4 59. Rg8 Bd5 60. Rg4+ Kc3 61. Kc5 Kb2 62. Kb4 Bc4 63. Rg6 c5+ 64. Kxc5 Kxa3 65. Rg3+ Kb2 66. Kb4 Kc2 67.
Rg2+ Kd3 68. Rg3+ Kd2 69. Rg2+ Kc1 70. Kc3 a3 71. Rg1+ Bf1 72. Rxf1# 1-0

[Event "*** Titled Tuesday Blitz"]
[Site "Chess.com"]
[Date "2018.05.01"]
[Round "2"]
[White "EmreDedebas"]
[Black "Bad4life"]
[Result "1-0"]
[WhiteElo "2378"]
[BlackElo "2385"]
[TimeControl "180+2"]
[EndTime "13:24:53 PDT"]
[Termination "EmreDedebas won by checkmate"]

1. c4 Nf6 2. Nc3 g6 3. g3 Bg7 4.
Bg2 O-O 5. Nf3 d6 6. O-O e5 7.
d3 Nc6 8. Rb1 a5 9. a3 Re8 10.
b4 axb4 11. axb4 e4 12. dxe4 Nxe4 13. Nxe4 Rxe4 14. Nd2 Re7 15. Bb2 Ra2 16. Bxg7 Kxg7 17. e3 Ne5 18. Ra1 Bg4 19. Qc1 Rxa1 20. Qxa1 f6 21. Qd4 Qc8 22. Ra1 Bh3 23. Ne4 Bxg2 24. Kxg2 Qg4 25. Nc3 Qf3+ 26. Kg1 Qh5 27. Qd5 Nf3+ 28.
Kg2 Ng5 29. h4 c6 30. Qd1 Qxd1 31. Rxd1 Nf7 32. Na4 f5 33. Nb6 Kf6 34. Rd4 Ke6 35. Kf3 Re8 36. Kf4 h6 37. Kf3 Ne5+ 38. Ke2 g5 39. b5 Re7 40. hxg5 hxg5 41. Nc8 Rd7 42. Nb6 Rd8 43. f4 Ng4 44. fxg5 Rh8 45. Rf4 Rh2+ 46. Kd3 Ne5+ 47. Kc3 Re2 48. Kd4 Rd2+ 49.
Kc3 Rd3+ 50. Kc2 Rxe3 51. bxc6 bxc6 52. g4 Nxg4 53. Nc8 Re2+ 54. Kd3 Re3+ 55. Kd2 Rg3 56. Rd4 d5 57. cxd5+ cxd5 58. Nb6 Ne3 59. g6 Ke5 60. Rd3 Nf1+ 61. Ke2 Rxd3 62. Kxd3 Ng3 63. g7 Nh5 64. g8=Q Nf4+ 65. Ke3 d4+ 66. Kf3 d3 67. Qe8+ Ne6 68. Nc4+ Kd5 69. Ne3+ Ke5 70. Qb8+ Kd4 71. Qb4+ Ke5 72.
Qc3+ Nd4+ 73. Kf2 Ke4 74. Nc4 f4 75. Nd2+ Ke5 76. Qxd3 Ne6 77. Qe4+ Kf6 78. Nc4 Ke7 79. Qe5 Kf7 80. Kf3 Ke7 81. Nd6 Kd7 82. Ke4 Ke7 83. Kd5 f3 84. Qxe6+ Kd8 85. Kc6 f2 86.
Qe8# 1-0